 Dungeon Crawl Stone Soup version 0.24.0-35-gdb84b6a5db (webtiles) character file.

Game seed: 12514998555358169293, levelgen mode: deterministic

5115 Gildeon the Basher (level 10, -2/60 HPs)
             Began as a Gargoyle Fighter on Nov 15, 2019.
             Was a Follower of Ashenzari.
             Slain by a manticore (5 damage)
             ... on level 8 of the Dungeon on Nov 20, 2019.
             The game lasted 00:27:39 (8616 turns).

Gildeon the Basher (Gargoyle Fighter)               Turns: 8616, Time: 00:27:40

Health: -2/60      AC: 31    Str: 28    XL:     10   Next: 58%
Magic:  10/10      EV:  5    Int:  8    God:    Ashenzari [*.....]
Gold:   140        SH: 10    Dex:  9    Spells: 9/9 levels left

rFire    . . .     SeeInvis .   F - +1 flail (protect) (curse)
rCold    . . .     Gourm    .   c - +0 shield
rNeg     + + .     Faith    .   A - +0 plate armour (curse)
rPois    ∞         Spirit   .   s - +0 helmet (curse)
rElec    +         Reflect  .   j - +2 cloak (curse)
rCorr    .         Harm     .   E - +0 pair of gloves
MR       .....                  (no boots)
Stlth    ..........             (no amulet)
HPRegen  0.20/turn              z - +4 ring of strength
MPRegen  0.12/turn              e - ring of positive energy

@: protection aura
A: negative energy resistance 1, electricity resistance, unbreathing,
petrification resistance, rot immunity, AC +7
a: Curse Item, Scrying, Renounce Religion


You were on level 8 of the Dungeon.
You worshipped Ashenzari.
Ashenzari was aware of your devotion.
You were not hungry.

You visited 2 branches of the dungeon, and saw 9 of its levels.
You also visited: Sewer and Ossuary.

You collected 406 gold pieces.
You spent 266 gold pieces at shops.

Inventory:

Hand Weapons
 F - a cursed +1 flail of protection (weapon)
 G - a +2 morningstar of venom
Armour
 c - a +0 shield (worn)
 j - a cursed +2 cloak (worn)
 s - a cursed +0 helmet (worn)
 A - a cursed +0 plate armour (worn)
 E - a +0 pair of gloves (worn)
Jewellery
 e - a ring of positive energy (right hand)
 z - a +4 ring of strength (left hand)
 H - an uncursed ring of flight
Wands
 a - a wand of random effects (4)
 l - a wand of disintegration (13)
 o - a wand of polymorph (5)
 C - a wand of paralysis (5)
 I - a wand of flame (22)
Scrolls
 b - a scroll of immolation {unknown}
 g - a scroll of magic mapping
 m - 2 scrolls of blinking
 p - 2 scrolls of enchant armour
 r - 6 scrolls of teleportation
 w - a scroll of noise {unknown}
 x - 2 scrolls of fear {unknown}
 y - 2 scrolls of fog {unknown}
 J - a scroll of enchant weapon
Potions
 d - 2 potions of might
 h - 6 potions of mutation
 i - 4 potions of curing
 k - a potion of ambrosia {unknown}
 n - a potion of magic {unknown}
 q - 2 potions of agility
 t - 3 potions of haste {unknown}
 u - 2 potions of berserk rage {unknown}
 B - 2 potions of lignification
 D - 2 potions of cancellation {unknown}
 K - a potion of invisibility {unknown}
Comestibles
 f - 5 rations


   Skills:
 - Level 5.7 Fighting
 - Level 14.0 Maces & Flails
 + Level 4.3 Armour
 - Level 3.2 Shields


You had 9 spell levels left.
You didn't know any spells.
Your spell library was empty.

Dungeon Overview and Level Annotations

Branches:
Dungeon (8/15)             Temple (1/1) D:7           Sewer (visited)
Ossuary (visited)
   Lair: D:8-11

Altars:
Ashenzari
Cheibriados
Dithmenos
Elyvilon
Fedhas
Gozag
Hepliaklqana
Kikubaaqudgha
Makhleb
Nemelex Xobeh
Qazlal
Sif Muna
Trog
Uskayaw
Vehumet
Wu Jian
Xom
Yredelemnul
Zin
The Shining One

Shops:
D:8 ?

Annotations:
D:4 2 transporters, Kobob's ghost, novice KoAr


Innate Abilities, Weirdness & Mutations

You are resistant to torment.
Your stone body is resilient. (AC +7)
You are immune to poison.
You resist negative energy. (rN+)
You are resistant to electric shocks. (rElec)
You can survive without breathing.
You are immune to petrification.
You are immune to rotting.


Message History

You block the orc priest's attack.
You closely miss the orc priest. Something bites you but does no damage.
You block something's attack. Something claws you but does no damage.
You hit the orc priest.
The orc priest is moderately wounded.
The orc priest mumbles some strange prayers to Beogh against you.
Beogh smites you!
* * * LOW HITPOINT WARNING * * *
Something bites you.
* * * LOW HITPOINT WARNING * * *
Something claws you but does no damage. x2
You feel better. You block the orc priest's attack. Something bites you.
* * * LOW HITPOINT WARNING * * *
Something claws you.
* * * LOW HITPOINT WARNING * * *
Something claws you but does no damage.
You feel better. Something bites you!
* * * LOW HITPOINT WARNING * * *
Something claws you.
You die...

####.# #.#.........
#.#.. # #.#
#.#.......... .. #.#..
..##.###.#.......♣.. ...
# #..
.......#.'........♣ %...
#.#
.......#.'........♣♣....
...
.........#.......♣..♣...
##..
..########..............
## .. #.......{...... #
##.....@o......
##....^)......
##...........
##.......... ##........#
##########


You could see an orc priest.

Vanquished Creatures
  A two-headed ogre (D:8)
  A wraith (Ossuary)
  2 hungry ghosts (D:8)
  Menkaure (D:4)
  5 orc warriors
  2 ice beasts (D:7)
  4 ogres
  2 phantoms
  5 centaurs
  7 bullfrogs
  2 big kobolds (D:7)
  4 scorpions
  3 killer bees (D:8)
  2 howler monkeys
  6 crimson imps
  A centaur zombie (D:5)
  A jelly (D:7)
  A hound (D:5)
  5 orc priests
  8 orc wizards
  A bullfrog skeleton (D:4)
  A centaur skeleton (D:4)
  2 iguanas (D:8)
  9 worker ants
  Ijyb (D:5)
  Terence (D:1)
  A mummy (Ossuary)
  A worker ant zombie (D:8)
  3 gnolls (D:2)
  14 adders
  A shadow imp (D:6)
  An ooze (D:2)
  An adder skeleton (D:4)
  2 worms
  8 leopard geckos
  36 orcs
  13 giant cockroaches
  11 goblins
  7 hobgoblins
  13 jackals
  5 quokkas
  4 ball pythons
  15 bats
  11 frilled lizards
  6 gnoll skeletons (Ossuary)
  A jackal skeleton (D:6)
  14 kobolds
  4 kobold skeletons (Ossuary)
  A leopard gecko skeleton (D:6)
  15 orc skeletons (Ossuary)
  3 rats
269 creatures vanquished.

Vanquished Creatures (others)
  A scorpion (D:8)
1 creature vanquished.

Grand Total: 270 creatures vanquished

Notes
Turn   | Place    | Note
-------+----------+-------------------------------------------
     0 | D:1      | Gildeon the Gargoyle Fighter began the quest for the Orb.
     0 | D:1      | Reached XP level 1. HP: 14/14 MP: 1/1
   241 | D:1      | Reached XP level 2. HP: 19/19 MP: 2/2
   358 | D:1      | Reached skill level 3 in Maces & Flails
   512 | D:1      | Reached XP level 3. HP: 19/23 MP: 3/3
   986 | D:2      | Noticed Terence
  1005 | D:1      | Killed Terence
  1005 | D:1      | Reached skill level 4 in Maces & Flails
  1005 | D:1      | Reached XP level 4. HP: 22/28 MP: 4/4
  1052 | D:2      | Found a faded altar of an unknown god.
  1170 | D:2      | Reached skill level 5 in Maces & Flails
  1170 | D:2      | Reached XP level 5. HP: 31/32 MP: 5/5
  2033 | D:3      | Found a shattered altar of Ashenzari.
  2048 | D:3      | Became a worshipper of Ashenzari the Shackled
  2607 | D:4      | Reached skill level 6 in Maces & Flails
  2607 | D:4      | Reached XP level 6. HP: 34/37 MP: 6/6
  2608 | D:4      | Upgraded the game from 0.24.0-29-g8ce449bc06 to
                  | 0.24.0-35-gdb84b6a5db
  2613 | D:4      | Noticed Menkaure
  2631 | D:4      | Killed Menkaure
  2752 | D:4      | Found a transporter.
  2782 | D:4      | Reached skill level 7 in Maces & Flails
  2794 | D:4      | Reached XP level 7. HP: 33/41 MP: 7/7
  2944 | D:4      | Found a transporter.
  2944 | D:4      | Noticed Kobob's ghost (novice KoAr)
  3051 | D:4      | Found a glowing golden altar of the Shining One.
  3052 | D:4      | Found a shimmering blue altar of Sif Muna.
  3056 | D:4      | Found a burning altar of Makhleb.
  3307 | D:5      | Entered Level 5 of the Dungeon
  3365 | D:5      | Found a sand-covered staircase.
  3397 | D:5      | Reached skill level 8 in Maces & Flails
  3455 | Ossuary  | Entered an ossuary
  3455 | Ossuary  | Noticed a wraith
  3455 | Ossuary  | Noticed a wraith
  3455 | Ossuary  | Noticed a wraith
  3625 | Ossuary  | Noticed a wraith
  3655 | Ossuary  | Killed a wraith
  3655 | Ossuary  | Reached skill level 9 in Maces & Flails
  3655 | Ossuary  | Reached XP level 8. HP: 27/46 MP: 8/8
  3990 | D:5      | Reached * piety under Ashenzari
  4081 | D:5      | Noticed Ijyb
  4094 | D:5      | Killed Ijyb
  4727 | D:6      | Found a glowing drain.
  4761 | Sewer    | Entered a sewer
  5083 | Sewer    | Reached skill level 10 in Maces & Flails
  5503 | D:6      | Found a hazy altar of Hepliaklqana.
  5893 | D:6      | Reached skill level 11 in Maces & Flails
  5926 | D:6      | Reached XP level 9. HP: 51/51 MP: 9/9
  6703 | D:6      | Reached skill level 12 in Maces & Flails
  7411 | D:7      | Found a staircase to the Ecumenical Temple.
  7456 | Temple   | Entered the Ecumenical Temple
  7564 | D:7      | Reached skill level 13 in Maces & Flails
  7731 | D:7      | Reached XP level 10. HP: 52/56 MP: 10/10
  8223 | D:8      | Reached skill level 14 in Maces & Flails
  8237 | D:8      | Noticed an angel
  8238 | D:8      | Found a shimmering altar of Xom.
  8239 | D:8      | Found a glowing silver altar of Zin.
  8245 | D:8      | Found a snail-covered altar of Cheibriados.
  8282 | D:8      | Found Ucoedgh's Magic Scroll Emporium.
  8282 | D:8      | Noticed a two-headed ogre
  8311 | D:8      | Killed a two-headed ogre
  8311 | D:8      | Reached skill level 5 in Fighting
  8457 | D:8      | Bought a scroll of enchant armour for 105 gold pieces
  8457 | D:8      | Bought a scroll of enchant weapon for 105 gold pieces
  8457 | D:8      | Bought a scroll of identify for 28 gold pieces
  8457 | D:8      | Bought a scroll of identify for 28 gold pieces
  8544 | D:8      | Noticed a manticore
  8604 | D:8      | Identified the +12 long sword "Xotuas" {vamp, rF+ Int+5}
  8614 | D:8      | HP: 1/60 [something (4)]
  8616 | D:8      | Slain by a manticore

Levels and vault maps discovered:
D:1:      dpeg_arrival_connections, layout_basic
D:2:      layout_loops_cross, chequers_ecumenical_altar_simple, uniq_terence
D:3:      layout_rooms, nicolae_ashenzari_panopticon, kennysheep_small_spiral
D:4:      layout_rooms, chequers_temple_overflow_statue_of_worship,
          gammafunk_ghost_mausoleum, uniq_menkaure
D:5:      layout_loops_ring, first_ration, enter_ossuary_1,
          grunt_decor_arrowhead, uniq_ijyb
D:6:      layout_loops_corners, lemuel_doored_altar, portal_sewer_entry_d
D:7:      layout_loops_ring, minmay_temple_entry_mist, minmay_misc_feat_doors
D:8:      kennysheep_big_flooded_room, layout_basic,
          grunt_temple_overflow_order_and_chaos_1,
          nicolae_ru_the_path_less_chosen, kennysheep_little_box, serial_shops,
          shop, basic_altar
Temple:   nicolae_temple_hex_pool

Skill      XL: |  1  2  3  4  5  6  7  8  9 10 |
---------------+-------------------------------+-----
Maces & Flails | 3 4 5 6 7 9 11 13 14 | 14.0
Fighting       | 5 |  5.7
Armour         | 4 |  4.3
Shields        | |  3.2

Action                   |  1- 3 |  4- 6 |  7- 9 | 10-12 || total
-------------------------+-------+-------+-------+-------++-------
Melee: Flail             |   153 |   275 |   753 |   243 ||  1424
Invok: Curse Item        |       |       |     2 |     1 ||     3
Evoke: Wand              |       |       |       |     9 ||     9
  Use: Scroll            |       |       |     9 |     2 ||    11
       Potion            |       |       |       |     3 ||     3
  Eat: Chunk             |     1 |     6 |    14 |     5 ||    26
       Ration            |       |       |     1 |     3 ||     4
Armor: Scale mail        |   146 |    15 |       |       ||   161
       Chain mail        |       |   172 |   390 |       ||   562
       Plate armour      |       |       |     5 |   220 ||   225
Dodge: Dodged            |    82 |    61 |   105 |    45 ||   293
Block: Shield            |   118 |   154 |   317 |   136 ||   725
